 Dungeon Crawl Stone Soup version 0.30-a0-723-gc1506a1cf0 (webtiles) character file.

Game seed: 2279828775695779637

5080 teh the Grappler (level 10, -2/75 (85) HPs)
             Began as a Gnoll Wanderer on Jan 28, 2023.
             Killed by miscasting Olgreb's Toxic Radiance (12 damage)
             ... on level 9 of the Dungeon.
             The game lasted 00:15:17 (8329 turns).

teh the Grappler (Gnoll Wanderer)                   Turns: 8329, Time: 00:15:18

HP:   -2/75 (85)    AC:  8    Str: 21    XL:     10   Next: 56%
MP:   15/27         EV: 13    Int: 12    God:
Gold: 648           SH:  6    Dex: 12    Spells: 6/20 levels left

rFire   . . .      SeeInvis .    H - +9 short sword "Otaullue" {holy, rC+ Str+2 Int-2}
rCold   + . .      Faith    .    c - +1 buckler
rNeg    . . .      Spirit   .    D - +0 steam dragon scales
rPois   .          Reflect  .    n - +0 helmet
rElec   .          Harm     .    (no cloak)
rCorr   .          Rampage  .    (no gloves)
Will    .....                    h - +0 pair of boots
Stlth   +++                      s - amulet of regeneration
HPRegen 1.12/turn                k - +6 ring of strength
MPRegen 0.20/turn                e - ring of magical power

@: lethally poisoned (-2 -> -7), about to teleport, marked, slightly
contaminated, hasted, heavily drained, very quick
A: fangs 1, strong nose, distributed training
a: no special abilities


You were on level 9 of the Dungeon.
You visited 2 branches of the dungeon, and saw 10 of its levels.

You collected 648 gold pieces.

Inventory:

Hand Weapons
 H - the +9 short sword "Otaullue" (weapon) {holy, rC+ Str+2 Int-2}
   (You found it on level 7 of the Dungeon)

   Str:       It affects your strength (+2).
   Int:       It affects your intelligence (-2).
   rC:        It protects you from cold.
Missiles
 q - 16 poisoned darts (quivered)
Armour
 c - a +1 buckler (worn)
 g - a +0 kite shield
 h - a +0 pair of boots (worn)
 n - a +0 helmet (worn)
 D - +0 steam dragon scales (worn)
Magical Staves
 a - a staff of air
Jewellery
 e - a ring of magical power (right hand)
 k - a +6 ring of strength (left hand)
 s - an amulet of regeneration (around neck)
 E - a ring of ice
 I - a ring of protection from cold
Wands
 m - a wand of flame (19)
 p - a wand of quicksilver (6)
 y - a wand of charming (5)
 C - a wand of roots (7)
 G - a wand of polymorph (3)
Scrolls
 i - a scroll of magic mapping
 o - a scroll of enchant weapon
 r - a scroll of immolation
 t - 3 scrolls of identify
 w - a scroll of enchant armour
 x - a scroll of fear
Potions
 d - 2 potions of lignification
 j - a potion of haste
 u - a potion of flight
 v - 2 potions of brilliance
 A - a potion of mutation
 B - a potion of resistance


   Skills:
 + Level 10.2 Fighting
 + Level 5.6 Short Blades
 + Level 5.6 Long Blades
 + Level 5.6 Axes
 + Level 5.6 Maces & Flails
 + Level 5.6 Polearms
 + Level 5.6 Staves
 + Level 5.6 Ranged Weapons
 + Level 5.6 Throwing
 + Level 5.6 Armour
 + Level 5.6 Dodging
 + Level 5.6 Stealth
 + Level 6.2 Shields
 + Level 10.2 Unarmed Combat
 + Level 5.6 Spellcasting
 + Level 4.6 Conjurations
 + Level 4.6 Hexes
 + Level 4.6 Summonings
 + Level 4.6 Necromancy
 + Level 4.6 Translocations
 + Level 4.6 Transmutations
 + Level 4.6 Fire Magic
 + Level 4.6 Ice Magic
 + Level 4.6 Air Magic
 + Level 4.6 Earth Magic
 + Level 4.6 Poison Magic
 + Level 6.1 Invocations
 + Level 6.2 Evocations


You had 6 spell levels left.
You knew the following spells:

 Your Spells              Type           Power      Damage    Failure   Level
a - Poisonous Vapours     Pois/Air       28%        N/A       5%          2
b - Olgreb's Toxic Radia  Pois           14%        N/A       34%         4
c - Ignite Poison         Fire/Tmut/Pois 14%        N/A       11%         3
d - Freezing Cloud        Conj/Ice/Air   7%         6-21      69%         5

Your spell library contained the following spells:

 Spells                   Type           Power      Damage    Failure   Level
 Slow                     Hex            56%        N/A       3%          1
 Sting                    Tmut/Pois      56%        1d5       3%          1
 Call Canine Familiar     Summ           14%        N/A       11%         3
 Confusing Touch          Hex            14%        N/A       11%         3
 Kindle Blastsparks       Fire/Tloc/Air  28%        2d12      11%         3
 Portal Projectile        Hex/Tloc       28%        N/A       11%         3
 Vampiric Draining        Necr           14%        2d7       11%         3
 Leda's Liquefaction      Hex/Erth       7%         N/A       34%         4
 Manifold Assault         Tloc           14%        N/A       34%         4
 Dispersal                Tloc           7%         N/A       99%         6
 Disjunction              Tloc           7%         N/A       100%        8


Dungeon Overview and Level Annotations

Branches:
Dungeon (9/15)             Temple (1/1) D:5
   Lair: D:8-11         Orc: D:9-12

Altars:
Ashenzari
Cheibriados
Dithmenos
Elyvilon
Fedhas
Gozag
Hepliaklqana
Kikubaaqudgha
Makhleb
Nemelex Xobeh
Qazlal
Ru
Sif Muna
Trog
Uskayaw
Vehumet
Wu Jian
Yredelemnul
The Shining One

Shops:
D:2 ([*   D:6 :?(:   D:7 !:[=

Annotations:
D:8 2 transporters, 3 runed translucent doors, BigDaddyOpFi's ghost, novice TrTm
D:9 1 runed translucent door, Harold; sirJeffrey23's ghost, journeyman HOFi


Innate Abilities, Weirdness & Mutations

You have very sharp teeth.
Your uncanny sense of smell can sniff out nearby items.
Your experience applies equally to all skills.


Message History

You struggle against the net.
You struggle against the net.
You rip the net and break free!
Harold casts a spell at you. A sentinel's mark forms upon you.
Harold seems to regain his courage.
Harold says, "Bounty hunting has been great, but I can't wait to retire."
Harold points at you and mumbles some strange words.
The mark upon you grows brighter.
There is an open door here.
Harold fires a harpoon shot at you. The harpoon shot misses you.
You close the door.
A killer bee comes into view. x2
A killer bee comes into view.
As you read the scroll of teleportation, it crumbles to dust.
You feel strangely unstable. The killer bee misses you.
Casting: Poisonous Vapours (safe; 5% risk of failure)
Confirm with . or Enter, or press ? or * to list all spells.
You miscast Olgreb's Toxic Radiance.
You are very lightly contaminated with residual magic.
Nothing appears to happen.
A killer bee comes into view.
The killer bee stings you!
Casting: Olgreb's Toxic Radiance (dangerous; 34% risk of failure)
Confirm with . or Enter, or press ? or * to list all spells.
You miscast Olgreb's Toxic Radiance.
You feel odd!
You are poisoned.
* * * LOW HITPOINT WARNING * * *
You feel sick.
A killer bee comes into view.
The killer bee closely misses you.
A killer bee comes into view.
Casting: Olgreb's Toxic Radiance (dangerous; 34% risk of failure)
Confirm with . or Enter, or press ? or * to list all spells.
You miscast Olgreb's Toxic Radiance.
You are lightly contaminated with residual magic.
You feel incredibly sick!
You are more poisoned.
You die...

#....# #... ### #....#
#..# ..# #....# #..# #.#
#....######.. #.#
#............ ########.#
#............ #........#
#..########+##
#.......y###yy#..........
#.......@.yyy.#..........
#.......#######..........
#.......#................
#.......#................
#.......+....@.....(.....
#.......#...z............
#.......#....##..........
#.......#....##..........
.####+###................


You could see 6 killer bees.

Vanquished Creatures
  Pikel (D:8)
  Joseph (D:7)
  Maggie (D:7)
  Psyche (D:8)
  Sigmund (D:2)
  Duvessa (D:7)
  2 water moccasins
  Pargi (D:3)
  An ice beast (D:5)
  An orc warrior (D:8)
  3 sky beasts
  4 ogres
  3 centaurs
  A kobold brigand (D:8)
  3 phantoms
  2 lemures (D:8)
  4 bullfrogs (D:8)
  3 scorpions
  13 wights
  Dowan (D:7)
  A howler monkey (D:7)
  5 jellies
  An orc priest (D:4)
  3 hounds
  4 iguanas
  3 orc wizards
  6 adders
  10 gnolls
  An ufetubus (D:7)
  A worm (D:4)
  31 orcs
  3 bats (D:1)
  4 endoplasms
  9 goblins
  A hobgoblin (D:3)
  5 jackals (D:4)
  4 quokkas
  2 ball pythons
  2 frilled lizards (D:1)
  8 kobolds
  4 rats
156 creatures vanquished.

Vanquished Creatures (others)
  8 fungi (D:9)
  9 plants (D:9)
17 creatures vanquished.

Grand Total: 173 creatures vanquished

Notes
Turn   | Place    | Note
-------+----------+-------------------------------------------
     0 | D:1      | teh the Gnoll Wanderer began the quest for the Orb.
     0 | D:1      | teh set off with the following items: a +0 dagger, a scroll
                  | of teleportation, a +0 buckler, a potion of lignification,
                  | a +0 robe, 2 scrolls of blinking.
     0 | D:1      | Reached XP level 1. HP: 26/26 MP: 1/1
   206 | D:1      | Reached XP level 2. HP: 33/33 MP: 2/2
   889 | D:2      | Found Cugad's General Store.
  1117 | D:2      | Reached XP level 3. HP: 37/38 MP: 2/4
  1157 | D:2      | Found Xenyg's Armour Boutique.
  1165 | D:2      | Noticed Sigmund
  1303 | D:2      | Found Utoc's Weapon Emporium.
  1360 | D:3      | Reached skill level 1 in Invocations
  1362 | D:3      | Reached skill level 1 in Short Blades
  1362 | D:3      | Reached skill level 1 in Long Blades
  1362 | D:3      | Reached skill level 1 in Axes
  1362 | D:3      | Reached skill level 1 in Maces & Flails
  1362 | D:3      | Reached skill level 1 in Polearms
  1362 | D:3      | Reached skill level 1 in Staves
  1362 | D:3      | Reached skill level 1 in Ranged Weapons
  1362 | D:3      | Reached skill level 1 in Throwing
  1362 | D:3      | Reached skill level 1 in Armour
  1362 | D:3      | Reached skill level 1 in Dodging
  1362 | D:3      | Reached skill level 1 in Stealth
  1362 | D:3      | Reached skill level 1 in Spellcasting
  1366 | D:3      | Reached XP level 4. HP: 39/45 MP: 5/5
  1519 | D:3      | Reached skill level 1 in Conjurations
  1519 | D:3      | Reached skill level 1 in Hexes
  1519 | D:3      | Reached skill level 1 in Summonings
  1519 | D:3      | Reached skill level 1 in Necromancy
  1519 | D:3      | Reached skill level 1 in Translocations
  1519 | D:3      | Reached skill level 1 in Transmutations
  1519 | D:3      | Reached skill level 1 in Fire Magic
  1519 | D:3      | Reached skill level 1 in Ice Magic
  1519 | D:3      | Reached skill level 1 in Air Magic
  1519 | D:3      | Reached skill level 1 in Earth Magic
  1519 | D:3      | Reached skill level 1 in Poison Magic
  1640 | D:3      | Noticed an ogre
  1651 | D:3      | Noticed Pargi
  1672 | D:4      | Learned a level 2 spell: Poisonous Vapours
  1933 | D:2      | Reached XP level 5. HP: 33/51 MP: 2/7
  2267 | D:3      | Learned a level 4 spell: Olgreb's Toxic Radiance
  2377 | D:3      | Killed Pargi
  2378 | D:3      | Reached XP level 6. HP: 30/57 MP: 2/8
  2530 | D:2      | Killed Sigmund
  2682 | D:3      | Reached XP level 7. HP: 63/63 MP: 10/10
  2743 | D:3      | Found a white marble altar of Elyvilon.
  2964 | D:3      | Found a basalt altar of Yredelemnul.
  3006 | D:3      | Learned a level 3 spell: Ignite Poison
  3105 | D:4      | Found a broken altar of Ashenzari.
  3890 | D:5      | Entered Level 5 of the Dungeon
  4079 | D:5      | Reached XP level 8. HP: 63/71 MP: 12/12
  4168 | D:5      | Found a staircase to the Ecumenical Temple.
  4183 | Temple   | Entered the Ecumenical Temple
  5296 | D:5      | Learned a level 5 spell: Freezing Cloud
  5321 | D:6      | Found Eqialibb's Magic Scroll Shoppe.
  5348 | D:6      | Found Kaonn's Book Shop.
  5567 | D:6      | Found Gaxuph's Antique Weapon Emporium.
  5657 | D:6      | Reached XP level 9. HP: 64/76 MP: 14/14
  5792 | D:6      | Found Umysh's Book Shop.
  5956 | D:7      | Noticed Maggie
  5956 | D:7      | Found Lalliuqiy's Book Boutique.
  5963 | D:7      | Killed Maggie
  5964 | D:7      | Reached skill level 5 in Shields
  5964 | D:7      | Reached skill level 5 in Evocations
  5964 | D:7      | Found Zachum's Distillery.
  6100 | D:7      | Noticed Joseph
  6123 | D:7      | Killed Joseph
  6231 | D:7      | Identified the +9 short sword "Otaullue" {holy, rC+ Str+2
                  | Int-2}
  6368 | D:7      | Reached skill level 5 in Invocations
  6518 | D:7      | Noticed Duvessa
  6519 | D:7      | Noticed Dowan
  6525 | D:7      | Killed Duvessa
  6528 | D:7      | Killed Dowan
  6532 | D:7      | Found Caisaewn's Antique Armour Boutique.
  6759 | D:7      | Found Qilid's Jewellery Shop.
  7029 | D:7      | Reached skill level 5 in Short Blades
  7029 | D:7      | Reached skill level 5 in Long Blades
  7029 | D:7      | Reached skill level 5 in Axes
  7029 | D:7      | Reached skill level 5 in Maces & Flails
  7029 | D:7      | Reached skill level 5 in Polearms
  7029 | D:7      | Reached skill level 5 in Staves
  7029 | D:7      | Reached skill level 5 in Ranged Weapons
  7029 | D:7      | Reached skill level 5 in Throwing
  7029 | D:7      | Reached skill level 5 in Armour
  7029 | D:7      | Reached skill level 5 in Dodging
  7029 | D:7      | Reached skill level 5 in Stealth
  7029 | D:7      | Reached skill level 5 in Spellcasting
  7029 | D:7      | Reached XP level 10. HP: 84/85 MP: 17/17
  7239 | D:8      | Reached skill level 10 in Fighting
  7239 | D:8      | Reached skill level 10 in Unarmed Combat
  7303 | D:8      | Found a transporter.
  7310 | D:8      | Found a transporter.
  7505 | D:8      | Found a runed translucent gate.
  7506 | D:8      | Found a runed translucent gate.
  7507 | D:8      | Found a runed translucent gate.
  7516 | D:8      | Noticed BigDaddyOpFi's ghost (novice TrTm)
  7521 | D:8      | Found a sacrificial altar of Ru.
  7542 | D:8      | Noticed Pikel
  7561 | D:8      | Killed Pikel
  7666 | D:8      | Found a snail-covered altar of Cheibriados.
  7817 | D:8      | Noticed a cane toad
  7821 | D:8      | Found an opulent altar of Gozag.
  7821 | D:8      | Noticed a cyclops
  7849 | D:8      | Noticed Psyche
  7856 | D:8      | Killed Psyche
  8272 | D:9      | Noticed Harold
  8275 | D:9      | Noticed sirJeffrey23's ghost (journeyman HOFi)
  8275 | D:9      | Noticed a kobold demonologist
  8275 | D:9      | Found a runed translucent door.
  8284 | D:9      | HP: 2/81 [wight/+0 spear (5)]
  8329 | D:9      | Killed by miscasting Olgreb's Toxic Radiance

Illustrated notes

Levels and vault maps discovered:
D:1:      wheals_arrival_linesprint, layout_rooms
D:2:      layout_loops_ring, serial_shops, nicolae_square_shop, shop, shop,
          uniq_sigmund
D:3:      layout_rooms, kennysheep_ying_yang, uniq_pargi
D:4:      layout_cave_pods, mainiacjoe_overflow_chevrons, minmay_pentomino_pile
D:5:      layout_loops_cross, minmay_temple_entry_junction
D:6:      layout_cave_pools, serial_shops, nicolae_shop_behind_doors,
          nicolae_take_the_stairs, shop, nicolae_shop_advertising_works
          [nicolae_subvault_shop_adworks], nicolae_underground_beach
D:7:      layout_basic, serial_shops, nicolae_shop_waterfront,
          nicolae_stop_n_shop_1, nicolae_shop_crystal, shop, uniq_joseph,
          uniq_duvessa, uniq_maggie
D:8:      layout_basic, mainiacjoe_overflow_surrounded_room,
          gammafunk_temple_overflow_arena, chei_slow_surprise,
          gammafunk_ghost_necromancy, uniq_pikel, uniq_psyche
D:9:      layout_stronghold, mainiacjoe_overflow_alcove_2,
          grunt_lair_entry_orc_guard_hut, orc_0_dummy,
          ebering_ghost_inner_flame, grunt_potential, uniq_harold
Temple:   cyrus_circular_temple

Skill      XL: |  1  2  3  4  5  6  7  8  9 10 |
---------------+-------------------------------+-----
Invocations    | 1 2 3 4 5 6 |  6.1
Short Blades   | 1 2 3 5 |  5.6
Long Blades    | 1 2 3 5 |  5.6
Axes           | 1 2 3 5 |  5.6
Maces & Flails | 1 2 3 5 |  5.6
Polearms       | 1 2 3 5 |  5.6
Staves         | 1 2 3 5 |  5.6
Ranged Weapons | 1 2 3 5 |  5.6
Throwing       | 1 2 3 5 |  5.6
Armour         | 1 2 3 5 |  5.6
Dodging        | 1 2 3 5 |  5.6
Stealth        | 1 2 3 5 |  5.6
Spellcasting   | 1 2 3 5 |  5.6
Conjurations   | 1 2 3 4 |  4.6
Hexes          | 1 2 3 4 |  4.6
Summonings     | 1 2 3 4 |  4.6
Necromancy     | 1 2 3 4 |  4.6
Translocations | 1 2 3 4 |  4.6
Transmutations | 1 2 3 4 |  4.6
Fire Magic     | 1 2 3 4 |  4.6
Ice Magic      | 1 2 3 4 |  4.6
Air Magic      | 1 2 3 4 |  4.6
Earth Magic    | 1 2 3 4 |  4.6
Poison Magic   | 1 2 3 4 |  4.6
Shields        | 3 4 5 6 |  6.2
Evocations     | 3 4 5 6 |  6.2
Fighting       | 9 10 | 10.2
Unarmed Combat | 9 10 | 10.2

Action                     |  1- 3 |  4- 6 |  7- 9 | 10-12 || total
---------------------------+-------+-------+-------+-------++-------
  Melee: Unarmed           |    57 |    68 |   291 |     1 ||   417
         Bite              |     1 |     7 |    29 |    15 ||    52
         Short sword       |       |       |       |    96 ||    96
  Throw: Throwing net      |       |       |       |     1 ||     1
   Cast: Poisonous Vapours |       |    14 |    25 |     5 ||    44
         Ignite Poison     |       |       |    11 |     2 ||    13
         Olgreb's Toxic Ra |       |       |     1 |     1 ||     2
  Evoke: Wand              |       |     2 |       |       ||     2
    Use: Scroll            |     5 |     1 |    11 |     4 ||    21
         Potion            |       |       |       |     4 ||     4
   Stab: Sleeping          |       |       |     4 |     1 ||     5
 Armour: Robe              |     4 |       |       |       ||     4
         Leather armour    |     5 |    15 |    30 |       ||    50
         Steam dragon scal |       |       |    23 |    21 ||    44
  Dodge: Dodged            |    33 |    47 |   125 |    64 ||   269
  Block: Buckler           |    11 |    12 |    56 |    28 ||   107

Table legend: (Time is in decaauts)
 A = Elapsed time spent in this place.
 B = Non-inter-level travel time spent in this place.
 C = Inter-level travel time spent in this place.
 D = Time resting spent in this place.
 E = Time spent auto-exploring this place.
 F = Levels seen in this place.
 G = Mean time per level.
                   A        B        C        D        E       F      G
               +--------+--------+--------+--------+--------+-----+--------+
         Total |   8240 |   7708 |    532 |     19 |   6108 |  10 |  824.0 |
       Dungeon |   8189 |   7665 |    524 |     19 |   6073 |   9 |  909.9 |
        Temple |     50 |     42 |      8 |      0 |     35 |   1 |   50.0 |
               +--------+--------+--------+--------+--------+-----+--------+

Top non-repeatable levels by time:
     D:5: 1410 daAuts
     D:7: 1250 daAuts
     D:2: 1030 daAuts
     D:1: 964 daAuts
     D:3: 960 daAuts
     D:8: 956 daAuts
     D:4: 953 daAuts
     D:6: 545 daAuts
     D:9: 118 daAuts
  Temple: 50 daAuts
